 Dungeon Crawl Stone Soup version 0.31.0-32-g396128a36d (webtiles) character file.

Game seed: 17968891997135479755

278 smashvw the Vexing (level 6, -1/47 HPs)
             Began as a Gnoll Hexslinger on Mar 19, 2024.
             Was an Initiate of Gozag.
             Slain by an orc
             ... wielding a +0 flail
              (6 damage)
             ... on level 5 of the Dungeon.
             The game lasted 00:08:11 (3536 turns).

smashvw the Vexing (Gnoll Hexslinger)               Turns: 3536, Time: 00:08:11

Health: -1/47      AC:  3    Str:  8    XL:     6   Next: 26%
Magic:  11/11      EV: 14    Int: 12    God:    Gozag
Gold:   212        SH:  0    Dex: 16    Spells: 4/11 levels left

rFire   + . .        a - +1 sling
rCold   . . .        (no shield)
rNeg    . . .        c - +0 robe
rPois   .            (no helmet)
rElec   .            (no cloak)
rCorr   .            d - +0 pair of gloves
SInv    .            (no boots)
Will    .....        (no amulet)
Stlth   ++           f - ring of protection from fire
HPRegen 0.27/turn    (no ring)
MPRegen 0.12/turn

%: no passive effects
@: no status effects
A: fangs 1, strong nose, distributed training
a: Renounce Religion, Potion Petition, Call Merchant, Bribe Branch


You were on level 5 of the Dungeon.
You worshipped Gozag.
Gozag was aware of your devotion.
You visited 2 branches of the dungeon, and saw 6 of its levels.

You collected 279 gold pieces.
You paid 67 gold pieces to Gozag.

Inventory:

Hand Weapons
 a - a +1 sling (weapon)
 u - a +2 heavy war axe
Missiles
 i - 6 poisoned darts
 j - 54 stones
 m - 9 javelins
Armour
 c - a +0 robe (worn)
 d - a +0 pair of gloves (worn)
Jewellery
 f - a ring of protection from fire (left hand)
Wands
 o - a wand of paralysis (9)
Scrolls
 b - a scroll of poison
 e - 3 scrolls of identify {unknown}
 h - a scroll of acquirement {unknown}
 k - a scroll of enchant armour {unknown}
 l - a scroll of fear {unknown}
 q - a scroll of summoning {unknown}
 v - a scroll of revelation {unknown}
Potions
 g - a potion of heal wounds {unknown}
 n - a potion of mutation {unknown}
 p - 2 potions of curing {unknown}
 r - a potion of cancellation {unknown}
 s - a potion of enlightenment {unknown}
 t - a potion of lignification {unknown}
 w - a potion of brilliance {unknown}


   Skills:
 + Level 3.2 Fighting
 + Level 2.0 Short Blades
 + Level 2.0 Long Blades
 + Level 2.0 Axes
 + Level 2.0 Maces & Flails
 + Level 2.0 Polearms
 + Level 2.0 Staves
 + Level 5.0 Ranged Weapons
 + Level 2.0 Throwing
 + Level 2.0 Armour
 + Level 5.0 Dodging
 + Level 2.0 Stealth
 + Level 2.0 Shields
 + Level 2.0 Unarmed Combat
 + Level 3.4 Spellcasting
 + Level 1.5 Conjurations
 + Level 5.6 Hexes
 + Level 1.5 Summonings
 + Level 1.5 Necromancy
 + Level 1.5 Translocations
 + Level 2.6 Fire Magic
 + Level 1.5 Ice Magic
 + Level 1.5 Air Magic
 + Level 1.5 Earth Magic
 + Level 1.5 Alchemy
 + Level 2.1 Invocations
 + Level 2.0 Evocations
 + Level 1.7 Shapeshifting


You had 4 spell levels left.
You knew the following spells:

 Your Spells              Type           Power      Damage    Failure   Level
a - Sigil of Binding      Hex            15%        N/A       7%          3
b - Dimensional Bullseye  Hex/Tloc       5%         N/A       47%         4

Your spell library contained the following spells:

 Spells                   Type           Power      Damage    Failure   Level
 Jinxbite                 Hex            30%        N/A       3%          2
 Inner Flame              Hex/Fire       12%        N/A       13%         3
 Cause Fear               Hex            7%         N/A       22%         4


Dungeon Overview and Level Annotations

Branches:
Dungeon (5/15)             Temple (1/1) D:4

Altars:
Elyvilon
Fedhas
Gozag
Kikubaaqudgha
Makhleb
Nemelex Xobeh
Okawaru
Qazlal
Ru
Sif Muna
Trog
Uskayaw
Vehumet
Wu Jian
Xom
Yredelemnul
Zin
The Shining One


Innate Abilities, Weirdness & Mutations

You have very sharp teeth.
Your uncanny sense of smell can sniff out nearby items.
Your experience applies equally to all skills.


Message History

The sling bullet closely misses the orc.
Fire: a) +1 sling
Press: ? - help, Q - select action, (/) - cycle Shift-Dir - straight line, f/p - orc
Aim: an orc, wielding a +0 flail and wearing a +0 ring mail (65% to hit)
You shoot a sling bullet. The sling bullet barely misses the orc.
Fire: a) +1 sling
Press: ? - help, Q - select action, (/) - cycle Shift-Dir - straight line, f/p - orc
Aim: an orc, wielding a +0 flail and wearing a +0 ring mail (65% to hit)
You shoot a sling bullet. The sling bullet hits the orc.
The orc is heavily wounded.
The orc closely misses you.
Fire: a) +1 sling
Press: ? - help, Q - select action, (/) - cycle Shift-Dir - straight line, f/p - orc
Aim: an orc, wielding a +0 flail and wearing a +0 ring mail (heavily wounded, 65% to hit)
You shoot a sling bullet. The sling bullet hits the orc.
The orc is severely wounded.
The orc hits you with a +0 flail.
* * * LOW HITPOINT WARNING * * *
The orc hits you with a +0 flail.
* * * LOW HITPOINT WARNING * * *
Fire: a) +1 sling
Press: ? - help, Q - select action, (/) - cycle Shift-Dir - straight line, f/p - orc
Aim: an orc, wielding a +0 flail and wearing a +0 ring mail (severely wounded, 65% to hit)
You shoot a sling bullet. The sling bullet barely misses the orc.
The orc closely misses you.
Fire: a) +1 sling
Press: ? - help, Q - select action, (/) - cycle Shift-Dir - straight line, f/p - orc
Aim: an orc, wielding a +0 flail and wearing a +0 ring mail (severely wounded, 65% to hit)
You shoot a sling bullet.
The sling bullet hits the orc but does no damage.
The orc is severely wounded.
The orc barely misses you.
Fire: a) +1 sling
Press: ? - help, Q - select action, (/) - cycle Shift-Dir - straight line, f/p - orc
Aim: an orc, wielding a +0 flail and wearing a +0 ring mail (severely wounded, 65% to hit)
You shoot a sling bullet.
The sling bullet closely misses the orc.
The orc hits you with a +0 flail.
You die...
Your body crumbles into a pile of gold.

### ∆ .# #.+
#. #.# .o
#.# .# # #.#
..#.## #.##
### #......
#..#
#.##$....#
##<####....#
#$@o$.....#
####......#
#..........
#.....###..#
#.....# .#
#####.# #
#.# .#


You could see an orc.

Vanquished Creatures
  A hound (D:3)
  An iguana (D:5)
  An orc wizard (D:5)
  9 adders
  4 ufetubi
  A ribbon worm (D:2)
  2 dart slugs
  8 orcs
  10 bats
  8 endoplasms
  A giant cockroach (D:2)
  7 goblins
  A hobgoblin (D:1)
  10 jackals
  6 ball pythons
  6 frilled lizards
  3 kobolds
  6 rats
85 creatures vanquished.

Notes
Turn   | Place    | Note
-------+----------+-------------------------------------------
     0 | D:1      | smashvw the Gnoll Hexslinger began the quest for the Orb.
     0 | D:1      | Reached XP level 1. HP: 17/17 MP: 4/4
   218 | D:1      | Reached XP level 2. HP: 23/23 MP: 5/5
   688 | D:2      | Reached XP level 3. HP: 28/28 MP: 7/7
   712 | D:2      | Reached skill level 1 in Invocations
   838 | D:1      | Reached skill level 1 in Short Blades
   838 | D:1      | Reached skill level 1 in Long Blades
   838 | D:1      | Reached skill level 1 in Axes
   838 | D:1      | Reached skill level 1 in Maces & Flails
   838 | D:1      | Reached skill level 1 in Polearms
   838 | D:1      | Reached skill level 1 in Staves
   838 | D:1      | Reached skill level 1 in Throwing
   838 | D:1      | Reached skill level 1 in Armour
   838 | D:1      | Reached skill level 1 in Stealth
   838 | D:1      | Reached skill level 1 in Shields
   838 | D:1      | Reached skill level 1 in Unarmed Combat
   838 | D:1      | Reached skill level 1 in Evocations
   931 | D:2      | Reached skill level 1 in Shapeshifting
   931 | D:2      | Reached XP level 4. HP: 31/34 MP: 8/8
  1239 | D:2      | Reached skill level 1 in Conjurations
  1239 | D:2      | Reached skill level 1 in Summonings
  1239 | D:2      | Reached skill level 1 in Necromancy
  1239 | D:2      | Reached skill level 1 in Translocations
  1239 | D:2      | Reached skill level 1 in Ice Magic
  1239 | D:2      | Reached skill level 1 in Air Magic
  1239 | D:2      | Reached skill level 1 in Earth Magic
  1239 | D:2      | Reached skill level 1 in Alchemy
  1260 | D:2      | Found an ancient bone altar of Kikubaaqudgha.
  1509 | D:2      | Found a faded altar of an unknown god.
  2039 | D:3      | Reached XP level 5. HP: 40/40 MP: 9/9
  2558 | D:3      | Learned a level 3 spell: Sigil of Binding
  2563 | D:3      | Learned a level 4 spell: Dimensional Bullseye
  2683 | D:4      | Found a staircase to the Ecumenical Temple.
  2708 | Temple   | Entered the Ecumenical Temple
  2723 | Temple   | Became a worshipper of Gozag Ym Sagoz the Greedy
  3364 | D:5      | Entered Level 5 of the Dungeon
  3484 | D:5      | Reached XP level 6. HP: 23/47 MP: 11/11
  3520 | D:5      | Reached skill level 5 in Ranged Weapons
  3520 | D:5      | Reached skill level 5 in Dodging
  3536 | D:5      | Slain by an orc

Illustrated notes

Levels and vault maps discovered:
D:1:      dpeg_arrival_snail, layout_basic, grunt_decor_one_mirror,
          grunt_decor_fettered, minmay_crystal_water, minmay_tetromino_i2
D:2:      layout_loops_ring, hellmonk_ecumenical_altar_inner_sanctum,
          basic_altar
D:3:      layout_loops_ring, serial_bayou_pond_b
D:4:      layout_loops_ring, minmay_temple_entry_large_hall
D:5:      layout_loops_ring, kennysheep_another_room, dk_noncrumbling_3,
          kennysheep_generic_room_9
Temple:   eino_narrow_crystal_temple

Skill      XL: |  1  2  3  4  5  6 |
---------------+-------------------+-----
Fire Magic     | 2 |  2.6
Invocations    | 1 2 |  2.1
Short Blades   | 1 2 |  2.0
Long Blades    | 1 2 |  2.0
Axes           | 1 2 |  2.0
Maces & Flails | 1 2 |  2.0
Polearms       | 1 2 |  2.0
Staves         | 1 2 |  2.0
Throwing       | 1 2 |  2.0
Armour         | 1 2 |  2.0
Stealth        | 1 2 |  2.0
Shields        | 1 2 |  2.0
Unarmed Combat | 1 2 |  2.0
Evocations     | 1 2 |  2.0
Shapeshifting  | 1 |  1.7
Spellcasting   | 3 |  3.4
Conjurations   | 1 |  1.5
Summonings     | 1 |  1.5
Necromancy     | 1 |  1.5
Translocations | 1 |  1.5
Ice Magic      | 1 |  1.5
Air Magic      | 1 |  1.5
Earth Magic    | 1 |  1.5
Alchemy        | 1 |  1.5
Fighting       | 3 |  3.2
Ranged Weapons | 5 |  5.0
Dodging        | 5 |  5.0
Hexes          | |  5.6

Action                     |  1- 3 |  4- 6 || total
---------------------------+-------+-------++-------
   Fire: Sling             |    98 |   201 ||   299
   Cast: Sigil of Binding  |       |     2 ||     2
 Armour: Robe              |    28 |    69 ||    97
  Dodge: Dodged            |    43 |    97 ||   140
